 Dungeon Crawl Stone Soup version 0.30-a0-1082-g70414cbcbb (webtiles) character file.

Game seed: 8400736406020849852

821 jimonade the Shooter (level 7, -1/56 HPs)
             Began as a Barachi Hunter on Apr 15, 2023.
             Slain by a gnoll
             ... wielding a +0 spear
             ... led by a gnoll bouda
              (5 damage)
             ... on level 5 of the Dungeon.
             The game lasted 00:12:19 (4893 turns).

jimonade the Shooter (Barachi Hunter)               Turns: 4893, Time: 00:12:19

Health: -1/56      AC:  5    Str: 12    XL:     7   Next: 95%
Magic:  7/7        EV: 13    Int: 10    God:
Gold:   375        SH:  0    Dex: 17    Spells: 6/6 levels left

rFire   . . .      SeeInvis .    b - +1 dagger (elec)
rCold   . . .      Faith    .    (no shield)
rNeg    . . .      Spirit   .    c - +0 leather armour
rPois   .          Reflect  .    u - +0 helmet
rElec   .          Rampage  .    o - +0 cloak
rCorr   .                        (no gloves)
Will    +....                    (no boots)
Stlth   ++                       H - amulet of the acrobat
HPRegen 0.29/turn                k - ring of willpower
MPRegen 0.10/turn                (no ring)

@: slow
A: amphibious, slowness 1, strong legs 1, +LOS
a: Hop


You were on level 5 of the Dungeon.
You visited 1 branch of the dungeon, and saw 6 of its levels.
You also visited: Ossuary.

You collected 375 gold pieces.

Inventory:

Hand Weapons
 a - a +0 shortbow
 b - a +1 dagger of electrocution (weapon)
 j - a +0 hand axe
 t - a +4 mace
Missiles
 r - 6 atropa-tipped darts
 s - 23 poisoned darts
Armour
 c - a +0 leather armour (worn)
 m - a +0 ring mail
 o - a +0 cloak (worn)
 u - a +0 helmet (worn)
Jewellery
 k - a ring of willpower (left hand)
 H - an amulet of the acrobat (around neck)
Wands
 G - a wand of flame (17)
Scrolls
 f - a scroll of amnesia {unknown}
 g - 5 scrolls of teleportation
 n - 2 scrolls of immolation
 p - 2 scrolls of poison
 q - a scroll of vulnerability {unknown}
 v - a scroll of silence
 y - 2 scrolls of fear
 E - a scroll of fog
Potions
 d - a potion of attraction {unknown}
 h - a potion of might
 i - a potion of cancellation {unknown}
 l - a potion of invisibility
 w - a potion of lignification {unknown}
 x - a potion of magic {unknown}
 z - 3 potions of curing
 A - a potion of flight {unknown}
 B - 2 potions of heal wounds {unknown}
 C - a potion of degeneration {unknown}
 D - a potion of mutation {unknown}
 F - a potion of resistance {unknown}


   Skills:
 + Level 5.1 Fighting
 - Level 1.2 Short Blades
 + Level 7.3 Ranged Weapons
 + Level 3.4 Armour
 + Level 3.8 Dodging
 + Level 1.6 Stealth


You had 6 spell levels left.
You didn't know any spells.
Your spell library contained the following spells:

 Spells                   Type           Power      Damage    Failure   Level
 Anguish                  Hex/Necr       0%         N/A       99%         4
 Cause Fear               Hex            0%         N/A       99%         4
 Enfeeble                 Hex            0%         N/A       100%        7


Dungeon Overview and Level Annotations

Branches:
Dungeon (6/15)            Ossuary (visited)
 Temple: D:4-7

Altars:
Fedhas

Annotations:
D:5 Edmund


Innate Abilities, Weirdness & Mutations

You are amphibious.
You cover ground slowly.
You can hop short distances.
You have an extended range of vision and can be seen from far away.


Message History

You hit the gnoll but do no damage.
The gnoll is almost dead.
The gnoll hits you with a +0 club.
You hit the gnoll but do no damage.
The gnoll is almost dead.
The gnoll completely misses you.
You closely miss the gnoll.
The gnoll is almost dead.
You barely miss the gnoll.
The gnoll is almost dead.
The orc wizard casts a spell.
The orc wizard flickers and vanishes!
Deactivating autopickup; reactivate with Ctrl-A.
The gnoll hits you with a +0 club.
* * * LOW HITPOINT WARNING * * *
You hit the gnoll.
You kill the gnoll!
The dart slug launches a dart at you. The slug dart hits you.
* * * LOW HITPOINT WARNING * * *
The dart slug launches a dart at you. The slug dart misses you.
The gnoll closely misses you.
Items here: $ ))))) [[[ †.
You hit the dart slug.
Lightning courses through the dart slug!
You kill the dart slug!
The gnoll hits you from afar with a +0 spear.
* * * LOW HITPOINT WARNING * * *
You miss something. Something hits you.
* * * LOW HITPOINT WARNING * * *
The gnoll closely misses you.
You hit something. Something hits you.
* * * LOW HITPOINT WARNING * * *
The gnoll barely misses you.
You hit something but do no damage. Something hits you but does no damage.
The gnoll hits you from afar with a +0 spear.
* * * LOW HITPOINT WARNING * * *
You hit something but do no damage. Something hits you but does no damage.
The gnoll hits you from afar with a +0 spear.
You die...

##### #.... #.... #.... ######
####.... .....# #....... ...
.....###.......###########......#
.......'........@)g..............
......##.......###...............
....o########## #..............#
..........# #.......#####
..S.......# #.......# ..........#
#.......# ..........# #.......#
..........# #.......# ####......#
#.......#


You could see a gnoll.

Vanquished Creatures
  A water moccasin (D:4)
  2 ogres
  A scorpion (D:4)
  An orc priest (D:3)
  A gnoll bouda (D:5)
  A sleepcap (D:4)
  2 iguanas (D:6)
  Ijyb (D:3)
  An orc wizard (D:5)
  3 mummies (Ossuary)
  9 gnolls
  3 adders
  2 shadow imps
  3 adder zombies (Ossuary)
  2 worms
  4 dart slugs
  14 orcs
  5 ball pythons
  10 endoplasms
  3 giant cockroaches
  8 goblins
  8 hobgoblins
  2 jackals (D:5)
  4 kobolds
  3 quokkas
  4 bats
  A frilled lizard (D:2)
  A gnoll zombie (Ossuary)
  3 goblin zombies (Ossuary)
  2 kobold zombies (Ossuary)
  7 quokka zombies (Ossuary)
  6 rats
  2 rat zombies (Ossuary)
120 creatures vanquished.

Notes
Turn   | Place    | Note
-------+----------+-------------------------------------------
     0 | D:1      | jimonade the Barachi Hunter began the quest for the Orb.
     0 | D:1      | Reached XP level 1. HP: 17/17 MP: 1/1
   251 | D:1      | Reached XP level 2. HP: 23/23 MP: 2/2
   265 | D:1      | Found a faded altar of an unknown god.
   592 | D:1      | Reached XP level 3. HP: 17/28 MP: 3/3
   935 | D:2      | Reached skill level 5 in Ranged Weapons
  1117 | D:2      | Found a blossoming altar of Fedhas.
  1146 | D:2      | Reached skill level 1 in Armour
  1161 | D:2      | Reached XP level 4. HP: 34/34 MP: 4/4
  1512 | D:3      | You fall into a shaft and drop 3 floors!
  1656 | D:5      | Entered Level 5 of the Dungeon
  1710 | D:5      | Reached XP level 5. HP: 38/41 MP: 5/5
  1868 | D:5      | Noticed a water moccasin
  1898 | D:4      | HP: 1/41 [water moccasin (5)]
  1906 | D:4      | Killed a water moccasin
  1907 | D:4      | Reached skill level 1 in Short Blades
  1907 | D:4      | Reached skill level 1 in Stealth
  1907 | D:4      | Reached XP level 6. HP: 9/48 MP: 6/6
  2209 | D:4      | Found a sand-covered staircase.
  2213 | Ossuary  | Entered an ossuary
  2226 | Ossuary  | Reached skill level 6 in Ranged Weapons
  2999 | D:3      | Noticed Ijyb
  3002 | D:3      | Killed Ijyb
  3199 | D:3      | Reached XP level 7. HP: 41/55 MP: 7/7
  3815 | D:5      | Noticed Edmund
  4689 | D:5      | Reached skill level 5 in Fighting
  4689 | D:5      | Reached skill level 7 in Ranged Weapons
  4893 | D:5      | Slain by a gnoll

Illustrated notes

Levels and vault maps discovered:
D:1:      kilobyte_arrival_exit_the_forest, layout_loops_ring,
          basic_ecumenical_altar
D:2:      layout_basic, basic_altar, hangedman_abyss_or_decor_stabs
D:3:      layout_loops_ring, uniq_ijyb
D:4:      layout_loops_ring, lightli_ossuary_entry_decrepit_ruins
D:5:      layout_basic, uniq_edmund
D:6:      layout_cave_pools, kennysheep_little_box,
          minmay_temple_entry_sparse_star, uniq_prince_ribbit1, uniq_sigmund

Skill      XL: |  1  2  3  4  5  6  7 |
---------------+----------------------+-----
Ranged Weapons | 5 6 7 |  7.3
Armour         | 1 2 3 |  3.4
Fighting       | 3 4 5 |  5.1
Short Blades   | 1 |  1.2
Stealth        | 1 |  1.6
Dodging        | 3 |  3.8

Action                     |  1- 3 |  4- 6 |  7- 9 || total
---------------------------+-------+-------+-------++-------
  Melee: Dagger            |       |   131 |    96 ||   227
         Punch             |       |     4 |     2 ||     6
   Fire: Shortbow          |   118 |    67 |    52 ||   237
Ability: Hop               |     1 |     2 |       ||     3
    Use: Potion            |       |     6 |       ||     6
         Scroll            |       |       |     6 ||     6
   Stab: Invisible         |       |     1 |       ||     1
         Sleeping          |       |     1 |       ||     1
 Armour: Leather armour    |    17 |    28 |    21 ||    66
  Dodge: Dodged            |    29 |    73 |    72 ||   174

Table legend: (Time is in decaauts)
 A = Elapsed time spent in this place.
 B = Non-inter-level travel time spent in this place.
 C = Inter-level travel time spent in this place.
 D = Time resting spent in this place.
 E = Time spent auto-exploring this place.
 F = Levels seen in this place.
 G = Mean time per level.
                   A        B        C        D        E       F      G
               +--------+--------+--------+--------+--------+-----+--------+
         Total |   5492 |   5154 |    338 |    720 |   2934 |   7 |  784.6 |
       Dungeon |   5272 |   4934 |    338 |    720 |   2934 |   6 |  878.7 |
       Ossuary |    220 |    220 |      0 |      0 |      0 |   1 |  220.0 |
               +--------+--------+--------+--------+--------+-----+--------+

Top non-repeatable levels by time:
     D:4: 1680 daAuts
     D:1: 931 daAuts
     D:2: 885 daAuts
     D:3: 820 daAuts
     D:5: 653 daAuts
     D:6: 300 daAuts
 Ossuary: 220 daAuts
